 Dungeon Crawl Stone Soup version 0.29.1-debian-1-gc3f1650bb9 (webtiles) character file.

Game seed: 9998330613282884555

11 NinjaNoafa the Trooper (level 2, -1/24 HPs)
             Began as a Demonspawn Monk on Sept 12, 2022.
             Was a Believer of Sif Muna.
             Slain by a jackal (3 damage)
             ... on level 1 of the Dungeon.
             The game lasted 00:01:44 (606 turns).

NinjaNoafa the Trooper (Demonspawn Monk)             Turns: 606, Time: 00:01:44

Health: -1/24      AC:  4    Str: 11    XL:     2   Next: 17%
Magic:  2/2        EV: 13    Int: 11    God:    Sif Muna [**....]
Gold:   26         SH:  0    Dex: 15    Spells: 1/1 levels left

rFire   . . .      SeeInvis .   d - +0 short sword
rCold   . . .      Faith    .   (no shield)
rNeg    . . .      Spirit   .   b - +0 robe
rPois   .          Reflect  .   (no helmet)
rElec   .          Harm     .   (no cloak)
rCorr   .          Rampage  .   (no gloves)
Will    .....                   (no boots)
Stlth   ++........              (no amulet)
HPRegen 0.08/turn               (no ring)
MPRegen 0.08/turn               (no ring)

@: no status effects
A: molten scales 1
a: Renounce Religion, Channel Magic


You were on level 1 of the Dungeon.
You worshipped Sif Muna.
Sif Muna was pleased with you.
You visited 1 branch of the dungeon, and saw 1 of its levels.

You collected 26 gold pieces.

Inventory:

Hand Weapons
 d - a +0 short sword (weapon)
Missiles
 a - 3 stones (quivered)
Armour
 b - a +0 robe (worn)
Scrolls
 e - a scroll of identify {unknown}
 f - a scroll of silence {unknown}
Potions
 c - a potion of ambrosia


   Skills:
 - Level 3.0 Fighting
 + Level 0.5 Short Blades
 - Level 2.7 Axes
 - Level 0.1 Armour
 + Level 2.8 Dodging
 * Level 2.2 Stealth


You had one spell level left.
You didn't know any spells.
Your spell library contained the following spells:

 Spells                   Type           Power      Damage    Failure   Level
 Summon Small Mammal      Summ           0%         N/A       34%         1
 Call Canine Familiar     Summ           0%         N/A       71%         3
 Summon Guardian Golem    Hex/Summ       0%         N/A       71%         3


Dungeon Overview and Level Annotations

Branches:
Dungeon (1/15)

Altars:
Sif Muna


Innate Abilities, Weirdness & Mutations

You are partially covered in molten scales. (AC +2)


Message History

Sif Muna accepts your kill. The jackal barely misses you.
Found a dagger.
The jackal closely misses you.
Things that are here:
a +0 club; a goblin corpse Unknown command.
You hit the jackal.
The jackal is lightly wounded.
The jackal misses you. The jackal barely misses you.
The kobold hits you but does no damage.
You barely miss the jackal.
The jackal is lightly wounded.
The jackal closely misses you. The kobold hits you but does no damage.
You hit the jackal but do no damage.
The jackal is lightly wounded.
The jackal closely misses you. The kobold hits you but does no damage.
You closely miss the jackal.
The jackal is lightly wounded.
The jackal closely misses you. The jackal bites you.
* * * LOW HITPOINT WARNING * * *
You hit the jackal.
The jackal is moderately wounded.
The kobold completely misses you. The jackal misses you.
You hit the jackal but do no damage.
The jackal is moderately wounded.
The jackal bites you.
* * * LOW HITPOINT WARNING * * *
The kobold hits you but does no damage.
You barely miss the jackal.
The jackal is moderately wounded.
The jackal misses you. The kobold barely misses you. The jackal bites you.
* * * LOW HITPOINT WARNING * * *
You closely miss the jackal.
The jackal is moderately wounded.
The kobold hits you but does no damage. The jackal barely misses you.
You hit the jackal.
The jackal is heavily wounded.
The jackal barely misses you. The kobold completely misses you.
You closely miss the kobold. The jackal bites you.
You die...

..#...♣.♣# ... #.....
#....#....# #.). ####.#
###.##.##.# #.... #.#
###..#.# .# #.... #.#
...P...# . .... #.#
♣...P### #. #.. . #..
P♣P.P# #.###.#####.##
### P♣♣P.#
#......(...... P♣♣..##
####...@K......
P.P...####......h..#.#.#
.P..........P.......(..
#.P♣P...##..P.♣♣P.#.....
#..♣♣.♣.#..♣†.♣♣♣P.#....
#.....PP....P♣♣ PP..#..
#.P.♣.......P♣ ..^## .
#....##.##..♣........
#.#####.......P.....##


You could see a jackal and a kobold.

Vanquished Creatures
  2 hobgoblins (D:1)
  A jackal (D:1)
  2 quokkas (D:1)
  A bat (D:1)
  A frilled lizard (D:1)
  2 goblins (D:1)
  A kobold (D:1)
  A rat (D:1)
11 creatures vanquished.

Vanquished Creatures (others)
  A plant (D:1)
1 creature vanquished.

Grand Total: 12 creatures vanquished

Notes
Turn   | Place    | Note
-------+----------+-------------------------------------------
     0 | D:1      | NinjaNoafa the Demonspawn Monk began the quest for the Orb.
     0 | D:1      | Reached XP level 1. HP: 18/18 MP: 1/1
   334 | D:1      | Found a faded altar of an unknown god.
   347 | D:1      | Prayed at the altar of an unknown god.
   347 | D:1      | Became a worshipper of Sif Muna the Loreminder
   347 | D:1      | Reached * piety under Sif Muna
   347 | D:1      | Reached ** piety under Sif Muna
   591 | D:1      | Gained mutation: You are partially covered in molten
                  | scales. (AC +2) [demonic ancestry]
   591 | D:1      | Reached XP level 2. HP: 16/24 MP: 2/2
   606 | D:1      | Slain by a jackal

Illustrated notes

Levels and vault maps discovered:
D:1:      heliophobic_arrival_battle_scene, layout_loops_cross,
          basic_ecumenical_altar, serial_forest, infiniplex_forest_lined_2,
          infiniplex_forest_clump_medium, infiniplex_forest_straight_1,
          infiniplex_forest_end_2, infiniplex_forest_lined_4_way,
          infiniplex_forest_lined_3, infiniplex_forest_end_3,
          infiniplex_forest_clump_double, infiniplex_forest_straight_3

Skill      XL: |  1 |
---------------+----+-----
Stealth        | 2 |  2.2
Fighting       | |  3.0
Short Blades   | |  0.5
Axes           | |  2.7
Armour         | |  0.1
Dodging        | |  2.8

Action                   || total
-------------------------++-------
Melee: Short sword       ||    37
       Hand axe          ||    12
 Stab: Sleeping          ||     4
Armor: Robe              ||    12
Dodge: Dodged            ||    52
